 Dungeon Crawl Stone Soup version 0.26-a0-52-gd53d4cd058 (webtiles) character file.

Game seed: 16956608609422187450

660130 inmateoo the Slayer (level 27, -14/269 HPs)
             Began as a Hill Orc Assassin on June 6, 2020.
             Was the Champion of Okawaru.
             Demolished by an Orb Guardian (23 damage)
             ... on level 5 of the Realm of Zot on June 7, 2020.
             The game lasted 02:11:01 (78417 turns).

inmateoo the Slayer (Hill Orc Assassin)            Turns: 78417, Time: 02:11:02

Health: -14/269    AC: 39    Str: 24 (25) XL:     27
Magic:  43/43      EV: 12    Int: 14 (15) God:    Okawaru [******]
Gold:   2352       SH: 20    Dex: 22      Spells: 26/26 levels left

rFire    + + +     SeeInvis +   k - +9 eveningstar (vorpal)
rCold    + + .     Gourm    .   M - +2 kite shield "Roann" {rN+}
rNeg     + . .     Faith    .   Q - +6 gold dragon scales
rPois    +         Spirit   .   d - +2 helmet {SInv}
rElec    +         Reflect  .   L - +1 cloak {MR+}
rCorr    +         Harm     .   S - +1 pair of gloves {Dex+3}
MR       ++++.                  y - +0 pair of boots of the Shining Light {rC+ rCorr Int+4}
Stlth    ..........             T - amulet "Hol Jeuf" {rElec rPois Regen+ Dex+3 Stlth+}
HPRegen  0.94/turn              g - ring "Cemuthot" {rElec rF+ MP+9 Dex+6}
MPRegen  0.28/turn              l - ring "Ylirint" {+Inv rElec rF+ MR+ rCorr}

@: mighty, silence, finesse
A: clumsy 1, deterioration 1, low mp 1, weak 1, subdued magic 1
}: 3/15 runes: decaying, silver, gossamer
a: Renounce Religion, Evoke Invisibility


You were on level 5 of the Realm of Zot.
You worshipped Okawaru.
Okawaru was exalted by your worship.
You were very full.

You visited 10 branches of the dungeon, and saw 50 of its levels.
You visited the Abyss 3 times.
You also visited: Trove, Gauntlet, Ice Cave and Volcano.

You collected 7488 gold pieces.
You spent 5136 gold pieces at shops.

Inventory:

Hand Weapons
 k - a +9 vorpal eveningstar (weapon)
 N - the +5 demon whip "Spellbinder" {antimagic, MR+}
   (You found it in a Gauntlet)

   It reduces the magical energy of the wielder, and disrupts the spells and
   magical abilities of those hit.
   Natural abilities and divine invocations are not affected.
   It affects your resistance to hostile enchantments.
Missiles
 e - 20 curare-tipped darts (quivered)
 j - 2 throwing nets
Armour
 d - a +2 helmet of see invisible (worn)
 y - the +0 pair of boots of the Shining Light (worn) {rC+ rCorr Int+4}
   (Okawaru gifted it to you on level 5 of the Lair of Beasts)

   It affects your intelligence (+4).
   It protects you from cold.
   It provides partial protection from all sources of acid and corrosion.
 L - a +1 cloak of magic resistance (worn)
 M - the +2 kite shield "Roann" (worn) {rN+}
   (You found it in a Gauntlet)

   It protects you from negative energy.
 Q - +6 gold dragon scales (worn)
 S - a +1 pair of gloves of dexterity (worn)
 U - the +3 hat "Esimihir" {MR+ Regen+}
   (Okawaru gifted it to you on level 4 of the Depths)

   It affects your resistance to hostile enchantments.
   It increases your rate of regeneration.
Jewellery
 c - the ring "Gifidaow" {Int-4 Dex+4 Slay+2 SInv}
   (You acquired it on level 3 of the Realm of Zot)

   [ring of dexterity]

   It affects your intelligence (-4).
   It affects your dexterity (+4).
   It affects your accuracy and damage with ranged weapons and melee attacks
   (+2).
   It lets you see invisible.
 g - the ring "Cemuthot" (left hand) {rElec rF+ MP+9 Dex+6}
   (You took it off a spriggan air mage on level 4 of the Depths)

   [ring of dexterity]

   It affects your dexterity (+6).
   It protects you from fire.
   It insulates you from electricity.
   It affects your magic capacity (+9).
 l - the ring "Ylirint" (right hand) {+Inv rElec rF+ MR+ rCorr}
   (You found it on level 2 of the Depths)

   [ring of resist corrosion]

   It protects you from fire.
   It insulates you from electricity.
   It affects your resistance to hostile enchantments.
   It lets you turn invisible.
   It provides partial protection from all sources of acid and corrosion.
 A - an uncursed ring of positive energy
 G - an uncursed ring of flight
 R - an uncursed ring of protection from cold
 T - the amulet "Hol Jeuf" (around neck) {rElec rPois Regen+ Dex+3 Stlth+}
   (You bought it in a shop on level 12 of the Dungeon)

   [amulet of regeneration]

   It affects your dexterity (+3).
   It insulates you from electricity.
   It protects you from poison.
   It increases your rate of regeneration.
   It makes you more stealthy.
Wands
 a - a wand of paralysis (35)
 b - a wand of clouds (21)
 r - a wand of disintegration (48)
 s - a wand of iceblast (37)
 K - a wand of digging (10)
 P - a wand of acid (27)
Scrolls
 i - 25 scrolls of remove curse
 o - 3 scrolls of brand weapon
 p - 4 scrolls of summoning
 q - 23 scrolls of teleportation
 t - 27 scrolls of identify
 x - 2 scrolls of fear
 B - 11 scrolls of fog
 F - 2 scrolls of blinking
 I - 7 scrolls of magic mapping
Potions
 h - 10 potions of berserk rage
 m - 6 potions of resistance
 n - 7 potions of mutation
 w - 7 potions of haste
 z - 33 potions of curing
 C - 3 potions of ambrosia
 D - 5 potions of might
 E - 6 potions of cancellation
 O - 6 potions of magic
 V - 5 potions of heal wounds
 W - 3 potions of invisibility
Miscellaneous
 u - a tin of tremorstones (2/3)
 v - a phantom mirror
 H - 7 boxes of beasts
 J - a phial of floods
 X - a lightning rod (4/4)
Comestibles
 f - 28 rations


   Skills:
 - Level 26.0 Fighting
   Level 2.0 Short Blades
 - Level 24.0 Maces & Flails
 - Level 1.7 Throwing
 - Level 18.0 Armour
 - Level 10.0 Dodging
 - Level 3.2 Stealth
 - Level 22.0 Shields
 - Level 22.0 Invocations
 + Level 23.5 Evocations


You had 26 spell levels left.
You didn't know any spells.
Your spell library contained the following spells:

 Spells                   Type           Power        Failure   Level  Hunger
 Animate Skeleton         Necr           N/A          99%         1    ##.....
 Apportation              Tloc           #.....       99%         1    ##.....
 Beastly Appendage        Tmut           #.....       99%         1    ##.....
 Corona                   Hex            #......      99%         1    ##.....
 Foxfire                  Conj/Fire      #...         99%         1    ##.....
 Freeze                   Ice            #...         99%         1    ##.....
 Infusion                 Chrm           #...         99%         1    ##.....
 Magic Dart               Conj           #...         99%         1    ##.....
 Pain                     Necr           #...         99%         1    ##.....
 Shock                    Conj/Air       #...         99%         1    ##.....
 Summon Butterflies       Summ           #.......     99%         1    ##.....
 Summon Small Mammal      Summ           #...         99%         1    ##.....
 Blink                    Tloc           N/A          100%        2    ###....
 Call Imp                 Summ           #.......     100%        2    ###....
 Corpse Rot               Necr/Air       N/A          100%        2    ###....
 Ensorcelled Hibernation  Hex/Ice        #.....       100%        2    ###....
 Passwall                 Tmut/Erth      #.......     100%        2    ###....
 Poisonous Vapours        Pois/Air       #.....       100%        2    ###....
 Searing Ray              Conj           #.....       100%        2    ###....
 Shroud of Golubria       Chrm/Tloc      #.....       100%        2    ###....
 Slow                     Hex            #.......     100%        2    ###....
 Song of Slaying          Chrm           #.......     100%        2    ###....
 Sticks to Snakes         Tmut           #.......     100%        2    ###....
 Sublimation of Blood     Necr           #.........   100%        2    ###....
 Swiftness                Chrm/Air       #.......     100%        2    ###....
 Confusing Touch          Hex            #.......     100%        3    ####...
 Conjure Flame            Conj/Fire      #.......     100%        3    ####...
 Dazzling Flash           Conj/Hex       #.....       100%        3    ####...
 Frozen Ramparts          Ice            #.....       100%        3    ####...
 Gell's Gravitas          Tloc           #.........   100%        3    ####...
 Ignite Poison            Fire/Tmut/Pois #.......     100%        3    ####...
 Inner Flame              Hex/Fire       #.......     100%        3    ####...
 Lesser Beckoning         Tloc           #.........   100%        3    ####...
 Mephitic Cloud           Conj/Pois/Air  #.......     100%        3    ####...
 Ozocubu's Armour         Chrm/Ice       #.......     100%        3    ####...
 Portal Projectile        Hex/Tloc       #.....       100%        3    ####...
 Recall                   Summ/Tloc      N/A          100%        3    ####...
 Spectral Weapon          Hex/Chrm       #.......     100%        3    ####...
 Spider Form              Tmut/Pois      #.........   100%        3    ####...
 Static Discharge         Conj/Air       #.......     100%        3    ####...
 Stone Arrow              Conj/Erth      #.....       100%        3    ####...
 Teleport Other           Tloc           #.......     100%        3    ####...
 Tukima's Dance           Hex            #.......     100%        3    ####...
 Vampiric Draining        Necr           #.........   100%        3    ####...
 Animate Dead             Necr           N/A          100%        4    #####..
 Cause Fear               Hex            #.........   100%        4    #####..
 Dispel Undead            Necr           #.......     100%        4    #####..
 Fulminant Prism          Conj/Hex       #.........   100%        4    #####..
 Hailstorm                Conj/Ice       #.......     100%        4    #####..
 Ice Form                 Ice/Tmut       #.......     100%        4    #####..
 Iskenderun's Mystic Bla  Conj/Tloc      #.......     100%        4    #####..
 Leda's Liquefaction      Hex/Erth       #.........   100%        4    #####..
 Passage of Golubria      Tloc           N/A          100%        4    #####..
 Petrify                  Tmut/Erth      #.......     100%        4    #####..
 Sticky Flame             Conj/Fire      #.......     100%        4    #####..
 Summon Ice Beast         Ice/Summ       #.......     100%        4    #####..
 Summon Lightning Spire   Summ/Air       #.......     100%        4    #####..
 Agony                    Necr           #.......     100%        5    ######.
 Blade Hands              Tmut           #.........   100%        5    ######.
 Bolt of Magma            Conj/Fire/Erth #.........   100%        5    ######.
 Borgnjor's Vile Clutch   Necr/Erth      #.........   100%        5    ######.
 Excruciating Wounds      Chrm/Necr      #.........   100%        5    ######.
 Fireball                 Conj/Fire      #.........   100%        5    ######.
 Irradiate                Conj/Tmut      #.........   100%        5    ######.
 Iskenderun's Battlesphe  Conj/Chrm      #.......     100%        5    ######.
 Lee's Rapid Deconstruct  Erth           #.........   100%        5    ######.
 Lightning Bolt           Conj/Air       #.........   100%        5    ######.
 Metabolic Englaciation   Hex/Ice        #.........   100%        5    ######.
 Silence                  Hex/Air        #.........   100%        5    ######.
 Summon Forest            Summ/Tloc      #.........   100%        5    ######.
 Conjure Ball Lightning   Conj/Air       #.........   100%        6    #######
 Darkness                 Hex            #.........   100%        6    #######
 Death Channel            Necr           #.........   100%        6    #######
 Eringya's Noxious Bog    Tmut/Pois      #.........   100%        6    #######
 Freezing Cloud           Conj/Ice/Air   #.........   100%        6    #######
 Hydra Form               Tmut           #.........   100%        6    #######
 Invisibility             Hex            #.......     100%        6    #######
 Iron Shot                Conj/Erth      #.........   100%        6    #######
 Ozocubu's Refrigeration  Ice            #.........   100%        6    #######
 Shadow Creatures         Summ           N/A          100%        6    #######
 Simulacrum               Ice/Necr       #.........   100%        6    #######
 Starburst                Conj/Fire      #.........   100%        6    #######
 Statue Form              Tmut/Erth      #........    100%        6    #######
 Dragon Form              Tmut           #.........   100%        7    #######
 Malign Gateway           Summ/Tloc      #.........   100%        7    #######
 Monstrous Menagerie      Summ           #.........   100%        7    #######
 Orb of Destruction       Conj           #.........   100%        7    #######
 Ring of Flames           Chrm/Fire      #.........   100%        7    #######
 Spellforged Servitor     Conj/Summ      #.........   100%        7    #######
 Summon Greater Demon     Summ           #.........   100%        7    #######
 Summon Hydra             Summ           #.........   100%        7    #######
 Chain Lightning          Conj/Air       #.........   100%        8    #######
 Ignition                 Fire           #.........   100%        8    #######
 Summon Horrible Things   Summ           #.........   100%        8    #######
 Shatter                  Erth           #.........   100%        9    #######
 Tornado                  Air            #.........   100%        9    #######


Dungeon Overview and Level Annotations

Branches:
Dungeon (15/15)            Temple (1/1) D:6            Lair (6/6) D:11
  Swamp (4/4) Lair:2       Spider (4/4) Lair:4        Slime (0/5) Lair:6
    Orc (2/2) D:11            Elf (3/3) Orc:2        Vaults (5/5) D:13
  Crypt (0/3) Vaults:2     Depths (5/5) D:15            Zot (5/5) Depths:5
  IceCv (visited)         Volcano (visited)         Gauntlet (visited)

Altars:
Ashenzari
Cheibriados
Dithmenos
Elyvilon
Fedhas
Gozag
Hepliaklqana
Kikubaaqudgha
Makhleb
Nemelex Xobeh
Okawaru
Qazlal
Ru
Sif Muna
Trog
Uskayaw
Vehumet
Wu Jian
Xom
Yredelemnul
Zin
The Shining One
Beogh
Jiyva

Shops:
D:6 %   D:10 *   D:11 !   D:12 =*:[   D:15 *   Orc:2 (*=(   Elf:1 *[}%
Elf:2 :   Elf:3 }=}   Vaults:2 %(*%   Vaults:3 *   Vaults:5 ?%!   Depths:1 =
Depths:2 !*

Portals:
Hell: Depths:1 Depths:2 Depths:3 Depths:4 Depths:5
Abyss: Depths:1 Depths:4 Depths:5
Pandemonium: Depths:1 Depths:3
Ziggurat: Depths:5

Annotations:
D:9 3 runed translucent doors, Zgarb's ghost, novice DECj
D:14 3 runed translucent doors, Ucrul's ghost, journeyman VSBe


Innate Abilities, Weirdness & Mutations

You are clumsy. (Dex -2)
Your body sometimes deteriorates upon taking damage.
Your magical capacity is low. (-10% MP)
You are weak. (Str -2)
Your spells are a little easier to cast, but a little less powerful.


Message History

* * * LOW HITPOINT WARNING * * *
Unknown command.
Unknown command.
Unknown command.
Okay, then.
You block the Orb Guardian's attack.
The Killer Klown blinks! x2
You block the Orb Guardian's attack. x2
Unknown command.
Unknown command.
Unknown command.
You block the Orb Guardian's attack. x2
The Killer Klown skips for a moment.
The Killer Klown disappears!
You block the Orb Guardian's attack.
Unknown command.
Unknown command.
The Orb Guardian hits you but does no damage.
The Orb Guardian hits you!
* * * LOW HITPOINT WARNING * * *
The Orb Guardian hits you!!
You die...

,,,,,,,,*,,,^,,,,,,,,,,,,,,,,,,**
,,,,,,,**,,,,,,,,,,,,,,,,^,,,,,,*
,,,^,,***,,,,,,,,,^,,,,,,,,,,,,,,
******* *,,,,,,,,,,,,,,,,,^,,,,,,
**,,,,,,^,,,,,,,,,,,,,,,*
***,,,,,,,,,,,,,,,,,,,**
****,^,,,,,,,..,,,,**
#▓▓▓▓▓▓▓▓▓▓▓##..,,^**
###).p.X@.........,,,,**
##....##XX.........,,,,,**
########...###..X.........,,,,,,*
........:.###..§..........,^^,,,,
....^§...## #.............,,,,^,,
.........# #..^....^.....,,,,,,,
........## #...^.........,,,,,,,
........# #...p.........,,,,,,,
.)......## #.............,,,,,,,


You could see 2 Killer Klowns and 4 Orb Guardians.

Vanquished Creatures
  4 orbs of fire (Zot:5)
  Mara (Spider:3)
  2 juggernauts (Depths:5)
  4 ancient liches
  Margery (Vaults:4)
  3 Killer Klowns
  Sojobo (Depths:1)
  Saint Roka (Vaults:4)
  A curse toe (Zot:3)
  2 caustic shrikes
  Nikola (Elf:2)
  10 golden dragons
  A bone dragon (Depths:5)
  2 electric golems (Zot:5)
  4 liches
  15 tentacled monstrosities
  21 Orb Guardians (Zot:5)
  5 quicksilver dragons
  2 deep elf master archers
  4 titans
  2 deep elf blademasters (Elf:3)
  3 tentacled starspawn (Abyss:3)
  5 death cobs
  6 sphinxes
  Gastronok (D:11)
  A storm dragon (shapeshifter) (Depths:5)
  Kirke (Spider:1)
  4 draconian monks
  A thorn hunter (Swamp:3)
  Agnes (Elf:2)
  7 shadow dragons
  18 storm dragons
  11 tengu reavers
  17 frost giants
  A daeva (Depths:5)
  3 deep elf sorcerers
  2 draconian knights
  13 fire giants
  15 vault wardens
  Louise (Spider:4)
  2 iron dragons
  A draconian shifter (Zot:2)
  4 deep elf elementalists (Elf:3)
  5 ghost moths
  9 emperor scorpions
  An angel (Depths:5)
  3 draconian stormcallers
  3 draconian annihilators
  14 ironheart preservers
  25 very ugly things
  35 stone giants
  5 war gargoyles
  4 spriggan defenders
  14 deep elf demonologists
  6 entropy weavers
  6 green draconians
  5 vampire knights
  9 black draconians
  8 deep elf annihilators
  7 yellow draconians
  6 white draconians
  6 purple draconians
  11 red draconians
  15 spark wasps
  A crystal guardian (Vaults:5)
  A minotaur (Gauntlet)
  14 ettins
  Snorg (D:10)
  8 deep elf death magi
  3 jiangshi (Depths:1)
  A merfolk javelineer (Depths:3)
  13 yaktaur captains
  14 fire dragons
  Josephine (Swamp:1)
  7 deep elf high priests
  11 great orbs of eyes
  A hell beast (Depths:1)
  39 vault guards
  32 hydras
  A naga warrior (Depths:2)
  2 ghost crabs (Swamp:3)
  9 ice dragons
  6 rakshasas
  6 shambling mangroves
  5 spriggan air magi
  An anaconda (shapeshifter) (Vaults:3)
  64 two-headed ogres
  A catoblepas (Lair:6)
  7 death knights
  16 alligators
  13 centaur warriors
  6 deep troll earth magi
  7 tengu warriors
  7 death yaks
  3 vampire magi
  17 ogre magi
  10 spriggan berserkers
  10 deep troll shamans
  33 dancing weapons
  An orc high priest (Depths:2)
  A queen ant (Lair:5)
  Urug (Lair:5)
  3 thrashing horrors (Abyss:3)
  A soul eater (Depths:1)
  26 deep elf knights
  17 hell knights
  2 sun demons (Abyss:3)
  A sixfirhy (Depths:1)
  2 shadow wraiths (Vaults:4)
  6 lindwurms
  3 wretched stars (Abyss:3)
  2 iron trolls
  10 skeletal warriors
  A spatial maelstrom (Abyss:3)
  A death drake (shapeshifter) (Vaults:5)
  24 deep trolls
  5 unseen horrors
  5 glowing orange brains
  2 flayed ghosts
  8 swamp dragons
  12 wizards
  2 spriggan druids
  6 phantasmal warriors
  14 ironbrand convokers
  9 necromancers
  16 deep elf archers
  An obsidian statue (Volcano)
  16 orc knights
  A tengu skeleton (Vaults:5)
  7 harpies
  67 deep elf magi
  12 orb spiders
  A mana viper (shapeshifter) (Vaults:2)
  47 ugly things
  7 orc sorcerers
  2 salamanders (shapeshifter)
  22 moths of wrath
  9 cyclopes
  A frost giant skeleton (Vaults:5)
  38 wolf spiders
  5 manticores
  5 oklob plants
  2 worldbinders
  A rust devil (Depths:1)
  7 torpor snails
  A black mamba (shapeshifter) (Vaults:5)
  3 ice statues
  3 black mambas
  A guardian serpent (shapeshifter) (Vaults:5)
  A naga mage (Depths:2)
  14 elephants
  A gargoyle (D:11)
  A spiny frog (shapeshifter) (Depths:1)
  3 smoke demons
  10 vault sentinels
  3 centaur skeletons
  10 spiny frogs
  6 rime drakes
  2 komodo dragons (shapeshifter)
  54 yaktaurs
  7 tengu conjurers
  5 komodo dragons
  An efreet (D:14)
  9 freezing wraiths
  3 red devils
  17 demonic crawlers
  29 jumping spiders
  A polar bear (shapeshifter) (D:15)
  13 tyrant leeches
  40 hornets
  A merfolk (shapeshifter) (Depths:3)
  2 polar bears
  A hornet (shapeshifter) (Elf:1)
  9 trolls
  39 slime creatures
  6 bog bodies
  A hippogriff (shapeshifter) (Vaults:5)
  15 hippogriffs
  3 raiju
  A dream sheep (shapeshifter) (Vaults:3)
  8 dream sheep
  2 blink frogs (shapeshifter)
  11 blink frogs
  A redback (shapeshifter) (Vaults:2)
  17 spriggans
  4 shadows
  2 air elementals
  38 tarantellas
  86 redbacks
  9 water elementals
  7 wraiths
  7 basilisks
  A hog (shapeshifter) (Elf:3)
  A ynoxinul (Abyss:3)
  59 yaks
  12 wyverns
  3 fire elementals
  4 fire bats (Volcano)
  A neqoxec (Abyss:3)
  16 humans (D:13)
  44 vampire mosquitoes
  9 chaos spawn
  A human simulacrum (Vaults:5)
  A spatial vortex (Abyss:3)
  An acid dragon (D:13)
  15 swamp worms
  A swamp worm (shapeshifter) (Depths:3)
  3 nagas (Depths:2)
  5 insubstantial wisps
  17 water moccasins
  3 wargs
  7 large abominations
  25 soldier ants
  11 porcupines
  A soldier ant (shapeshifter) (Abyss:3)
  A hell hound (D:14)
  A floating eye (shapeshifter) (Vaults:4)
  A sky beast (shapeshifter) (Depths:3)
  2 eyes of draining (shapeshifter) (Depths:4)
  18 ice beasts
  48 orc warriors
  5 floating eyes
  5 sky beasts
  A necrophage (D:11)
  A black bear (shapeshifter) (Vaults:1)
  8 swamp drakes (Swamp:4)
  An ogre (shapeshifter) (Vaults:2)
  51 ogres
  2 phantoms
  10 wolves
  2 boggarts (Gauntlet)
  12 crocodiles
  18 centaurs
  3 big kobolds
  A wyvern zombie (D:6)
  15 bullfrogs
  An earth elemental (Elf:1)
  2 wyvern skeletons
  3 scorpions
  15 small abominations
  An elf simulacrum (Vaults:3)
  14 killer bees
  2 vampire bats (Orc:1)
  7 electric eels
  4 lava snakes (Volcano)
  11 crimson imps
  6 centaur zombies
  14 starcursed masses
  A bullfrog zombie (D:6)
  2 quasits
  6 hounds
  6 jellies
  12 orc priests
  31 orc wizards
  2 iguanas
  An iguana (shapeshifter) (Vaults:4)
  A hell rat (Lair:5)
  31 worker ants
  A hound skeleton (D:3)
  A howler monkey zombie (D:10)
  7 adders
  3 gnolls (D:6)
  8 shadow imps
  4 white imps
  4 oozes
  An adder zombie (D:8)
  An adder skeleton (D:7)
  4 worms
  4 dart slugs
  2 leopard geckos
  115 orcs
  2 giant cockroaches
  8 goblins
  5 hobgoblins
  10 jackals
  3 quokkas
  A ball python (D:7)
  18 bats
  5 frilled lizards
  12 kobolds
  A leopard gecko skeleton (D:5)
  4 quokka skeletons
  2 quokka zombies
  9 rats
  A crawling corpse (Depths:5)
  A fungus (Lair:4)
  A plant (Lair:2)
  2 starspawn tentacles (Abyss:3)
2573 creatures vanquished.

Vanquished Creatures (collateral kills)
  Asterion (Depths:1)
  Donald (Vaults:4)
  An entropy weaver (Lair:4)
  A hydra (Swamp:1)
  A deep elf archer (Elf:2)
  3 lindwurms (D:12)
  3 deep elf magi
  A blink frog (Lair:5)
  An orc priest (D:15)
13 creatures vanquished.

Vanquished Creatures (others)
  A tentacled monstrosity (Zot:1)
  A lich (Depths:4)
  A quicksilver dragon (Vaults:5)
  2 frost giants
  A deep elf demonologist (Elf:3)
  A red draconian (Zot:1)
  A two-headed ogre (Vaults:5)
  A deep troll earth mage (Vaults:3)
  An unseen horror (Vaults:1)
  A necromancer (Vaults:4)
  4 deep elf magi
  A human (Spider:2)
  A golden eye (Abyss:4)
  2 orc wizards
  A small abomination (Abyss:3)
  An orc (Orc:1)
  12 fungi
  42 plants
  21 starspawn tentacles (Abyss:3)
96 creatures vanquished.

Grand Total: 2682 creatures vanquished

Notes
Turn   | Place    | Note
-------+----------+-------------------------------------------
     0 | D:1      | inmateoo the Hill Orc Assassin began the quest for the Orb.
     0 | D:1      | Reached XP level 1. HP: 18/18 MP: 1/1
   132 | D:1      | Reached skill level 3 in Fighting
   295 | D:1      | Reached XP level 2. HP: 26/26 MP: 2/2
   602 | D:1      | Reached skill level 4 in Fighting
   735 | D:1      | Reached XP level 3. HP: 29/33 MP: 3/3
  1159 | D:2      | Reached skill level 5 in Fighting
  1223 | D:2      | Reached XP level 4. HP: 23/42 MP: 4/4
  1538 | D:2      | Found a blossoming altar of Fedhas.
  2011 | D:3      | Reached skill level 6 in Fighting
  2060 | D:3      | Reached XP level 5. HP: 50/50 MP: 5/5
  2827 | D:4      | Reached skill level 7 in Fighting
  3155 | D:4      | Reached XP level 6. HP: 50/60 MP: 6/6
  3342 | D:4      | Reached skill level 8 in Fighting
  3715 | D:4      | Reached skill level 9 in Fighting
  3715 | D:4      | Reached XP level 7. HP: 66/70 MP: 7/7
  3982 | D:5      | Entered Level 5 of the Dungeon
  4125 | D:5      | Got a polished leather armour
  4172 | D:5      | Found a transporter.
  4341 | D:5      | Found a transporter.
  4695 | D:5      | Reached skill level 1 in Maces & Flails
  5066 | D:5      | Reached skill level 10 in Fighting
  5066 | D:5      | Reached skill level 1 in Armour
  5322 | D:6      | Reached XP level 8. HP: 73/79 MP: 8/8
  5430 | D:6      | Found a staircase to the Ecumenical Temple.
  5457 | Temple   | Entered the Ecumenical Temple
  5545 | Temple   | Became a worshipper of Warmaster Okawaru
  5576 | D:6      | Found Tet Xaz's Food Shop.
  5660 | D:6      | Reached skill level 5 in Maces & Flails
  5823 | D:6      | Identified the cursed +1 leather armour of Ennui {Harm rN+
                  | Dex+4} (You found it on level 5 of the Dungeon)
  6008 | D:6      | Found a sacrificial altar of Ru.
  6008 | D:6      | Found an opulent altar of Gozag.
  6008 | D:6      | Found a snail-covered altar of Cheibriados.
  6480 | D:7      | Noticed an ice statue
  6595 | D:7      | Reached XP level 9. HP: 68/85 MP: 9/9
  6681 | D:7      | Reached * piety under Okawaru
  6681 | D:7      | Reached skill level 5 in Armour
  7652 | D:8      | Reached skill level 1 in Invocations
  8247 | D:8      | Found an ancient bone altar of Kikubaaqudgha.
  8402 | D:8      | Reached ** piety under Okawaru
  8446 | D:8      | Reached XP level 10. HP: 94/94 MP: 11/13
  8551 | D:8      | Reached skill level 10 in Maces & Flails
  9232 | D:9      | Reached skill level 5 in Invocations
  9314 | D:9      | Reached skill level 11 in Fighting
  9319 | D:9      | Reached *** piety under Okawaru
  9403 | D:9      | Received a gift from Okawaru
  9492 | D:9      | Found a runed translucent gate.
  9492 | D:9      | Noticed Zgarb's ghost (novice DECj)
  9493 | D:9      | Found a runed translucent gate.
  9494 | D:9      | Found a runed translucent gate.
  9725 | D:9      | Got a steaming scale mail
  9737 | D:9      | Identified the +0 scale mail of Mumblety Peg {Str+3} (You
                  | found it on level 9 of the Dungeon)
  9801 | D:10     | Entered Level 10 of the Dungeon
 10031 | D:10     | Noticed Snorg
 10242 | D:10     | Found Waypp's General Store.
 10250 | D:10     | Bought a potion of curing for 36 gold pieces
 10250 | D:10     | Bought a potion of curing for 36 gold pieces
 10431 | D:10     | Noticed a skeletal warrior
 10448 | D:10     | Killed a skeletal warrior
 10557 | D:10     | Noticed a skeletal warrior
 10558 | D:10     | Noticed a skeletal warrior
 10561 | D:10     | Noticed a skeletal warrior
 10567 | D:10     | Killed a skeletal warrior
 10567 | D:10     | Reached **** piety under Okawaru
 10567 | D:10     | Reached XP level 11. HP: 86/104 MP: 12/16
 10578 | D:10     | Killed a skeletal warrior
 10578 | D:10     | Received a gift from Okawaru
 10590 | D:10     | Killed a skeletal warrior
 10658 | D:10     | Reached skill level 12 in Fighting
 10706 | D:10     | Killed Snorg
 10968 | D:10     | Reached ***** piety under Okawaru
 10968 | D:10     | Received a gift from Okawaru
 11688 | D:11     | Found Iwkaejor's Distillery.
 11691 | D:11     | Bought a potion of haste for 120 gold pieces
 11691 | D:11     | Bought a potion of heal wounds for 60 gold pieces
 11691 | D:11     | Bought a potion of might for 48 gold pieces
 11691 | D:11     | Bought a potion of cancellation for 96 gold pieces
 11691 | D:11     | Bought a potion of brilliance for 48 gold pieces
 11691 | D:11     | Bought a potion of berserk rage for 60 gold pieces
 11751 | D:11     | Found a portal to a secret trove of treasure.
 11771 | D:11     | Noticed Gastronok
 11957 | D:11     | Found a staircase to the Lair.
 12365 | D:11     | Killed Gastronok
 12365 | D:11     | Reached skill level 15 in Maces & Flails
 12365 | D:11     | Reached skill level 1 in Dodging
 12365 | D:11     | Reached XP level 12. HP: 112/112 MP: 16/18
 12535 | D:11     | Received a gift from Okawaru
 12785 | D:11     | Found a staircase to the Orcish Mines.
 13085 | D:12     | Found a gate leading to a gauntlet.
 13094 | Gauntlet | Entered a Gauntlet
 13094 | Gauntlet | Found a transporter.
 13094 | Gauntlet | Found a transporter.
 13097 | Gauntlet | Found a transporter.
 13117 | Gauntlet | Found a transporter.
 13125 | Gauntlet | Found a transporter.
 13128 | Gauntlet | Found a transporter.
 13138 | Gauntlet | Found a transporter.
 13157 | Gauntlet | Found a transporter.
 13171 | Gauntlet | Found a transporter.
 13174 | Gauntlet | Found a transporter.
 13182 | Gauntlet | Found a transporter.
 13185 | Gauntlet | Found a transporter.
 13209 | Gauntlet | Noticed a queen ant
 13225 | Gauntlet | Noticed a ghost crab
 13372 | Gauntlet | Identified the cursed +2 hand crossbow of Sunlo {penet, MR+
                  | Int+6}
 13372 | Gauntlet | Noticed a minotaur
 13373 | Gauntlet | Found the +5 demon whip "Spellbinder" {antimagic, MR+}
 13384 | Gauntlet | Killed a minotaur
 13426 | Gauntlet | Got a distressingly furry kite shield
 13428 | Gauntlet | Identified the Guide on the Compass
 13445 | D:12     | Identified the +2 kite shield "Roann" {rN+} (You found it
                  | in a Gauntlet)
 13646 | D:12     | Found Okhol's Armour Boutique.
 13692 | D:12     | Noticed a four-headed hydra
 13734 | D:12     | Killed a four-headed hydra
 13734 | D:12     | Reached skill level 1 in Shields
 13776 | D:12     | Got a steaming flail
 13793 | D:12     | Identified the +4 flail of Yesterday {speed, Str+4 Dex+4}
                  | (You found it on level 12 of the Dungeon)
 13833 | D:12     | Found Qotusuf's Book Emporium.
 13877 | D:12     | Noticed a death knight
 13917 | D:11     | Received a gift from Okawaru
 14333 | D:10     | Killed a death knight
 14481 | D:12     | Found Emuqosud's Assorted Antiques.
 14498 | D:12     | Bought a metallic golden potion for 32 gold pieces
 14560 | D:12     | Found Giecelei's Jewellery Shop.
 14878 | D:12     | Noticed a two-headed ogre
 14883 | D:12     | Killed a two-headed ogre
 15235 | D:13     | Noticed a death knight
 15259 | D:12     | Reached XP level 13. HP: 58/118 MP: 6/19
 15501 | Orc:1    | Entered Level 1 of the Orcish Mines
 15501 | Orc:1    | Found a roughly hewn altar of Beogh.
 15661 | D:11     | Reached skill level 5 in Shields
 15666 | D:11     | Reached skill level 13 in Fighting
 16170 | Orc:1    | Reached ****** piety under Okawaru
 16772 | Orc:2    | Entered Level 2 of the Orcish Mines
 17391 | D:12     | Bought the amulet "Hol Jeuf" {rElec rPois Regen+ Dex+3
                  | Stlth+} for 744 gold pieces
 17456 | Lair:1   | Entered Level 1 of the Lair of Beasts
 17475 | Lair:1   | Received a gift from Okawaru
 18295 | Lair:1   | Reached skill level 14 in Fighting
 18569 | Lair:2   | Reached XP level 14. HP: 121/131 MP: 6/20
 18608 | Lair:2   | Found a staircase to the Swamp.
 19671 | Lair:3   | Reached skill level 10 in Armour
 19851 | Lair:3   | Received a gift from Okawaru
 19871 | Lair:3   | Reached skill level 1 in Evocations
 20566 | Lair:4   | Found a hole to the Spider Nest.
 20740 | Lair:4   | Noticed Sonja
 20741 | Lair:4   | Noticed Sonja
 20741 | Lair:4   | Sonja changed into Sonja the harpy
 20747 | Lair:4   | Killed Sonja the harpy
 21430 | Lair:5   | Reached skill level 15 in Fighting
 21443 | Lair:5   | Received a gift from Okawaru
 21457 | Lair:6   | Entered Level 6 of the Lair of Beasts
 21475 | Lair:5   | Noticed an entropy weaver
 21519 | Lair:5   | Found a white marble altar of Elyvilon.
 21616 | Lair:5   | Noticed an entropy weaver
 21704 | Lair:4   | Killed an entropy weaver
 21928 | Lair:5   | Found a dark tunnel.
 21937 | Volcano  | Entered a volcano
 22004 | Volcano  | Received a gift from Okawaru
 22008 | Volcano  | Got an encrusted dagger {god gift}
 22366 | Volcano  | Found a radiant altar of Vehumet.
 22557 | Lair:5   | Reached skill level 5 in Evocations
 22819 | Lair:5   | Killed an entropy weaver
 22861 | Lair:5   | Noticed Urug
 22874 | Lair:5   | Killed Urug
 23262 | Lair:5   | Received a gift from Okawaru
 23267 | Lair:5   | Got a pair of masterwork boots {god gift}
 23279 | Lair:5   | Identified the +0 pair of boots of the Shining Light {rC+
                  | rCorr Int+4} (Okawaru gifted it to you on level 5 of the
                  | Lair of Beasts)
 23433 | Lair:5   | Reached XP level 15. HP: 98/140 MP: 7/21
 23997 | Lair:6   | Found a viscous altar of Jiyva.
 23997 | Lair:6   | Found a staircase to the Slime Pits.
 24486 | Lair:6   | Found a runed translucent door.
 24741 | Lair:6   | Paralysed by a hornet for 2 turns
 26233 | Lair:2   | Received a gift from Okawaru
 26518 | Orc:2    | Found a staircase to the Elven Halls.
 26561 | Orc:2    | Found a roughly hewn altar of Beogh.
 26777 | Orc:2    | Found Osutwat's Weapon Emporium.
 26777 | Orc:2    | Found Jorif's General Store.
 26778 | Orc:2    | Found Ranua's Jewellery Shop.
 26778 | Orc:2    | Found Ruabycs's Weapon Shoppe.
 26782 | Orc:2    | Reached skill level 10 in Evocations
 26786 | Orc:2    | Reached XP level 16. HP: 113/148 MP: 7/23
 26786 | Orc:2    | Received a gift from Okawaru
 26851 | Orc:2    | Identified the +6 scale mail "Bientys" {SInv} (Okawaru
                  | gifted it to you on level 2 of the Orcish Mines)
 26954 | Orc:2    | Bought a potion of resistance for 160 gold pieces
 27086 | Orc:2    | Bought a +2 helmet of see invisible for 344 gold pieces
 27086 | Orc:2    | Bought a scroll of identify for 32 gold pieces
 27830 | D:13     | Found a gate to the Vaults.
 27972 | D:13     | Found a bloodstained altar of Trog.
 27974 | D:13     | Found a shimmering altar of Xom.
 27974 | D:13     | Found a white marble altar of Elyvilon.
 27976 | D:13     | Found a burning altar of Makhleb.
 27976 | D:13     | Found a shimmering blue altar of Sif Muna.
 27976 | D:13     | Found a shimmering blue altar of Sif Muna.
 28205 | D:14     | Found a frozen archway.
 28248 | IceCv    | Entered an ice cave
 28283 | IceCv    | Found a transporter.
 28313 | IceCv    | Found a transporter.
 28658 | D:14     | Found a runed translucent gate.
 28659 | D:14     | Found a runed translucent gate.
 28659 | D:14     | Found a runed translucent gate.
 28659 | D:14     | Noticed Ucrul's ghost (journeyman VSBe)
 28705 | D:14     | Received a gift from Okawaru
 28985 | D:15     | Entered Level 15 of the Dungeon
 29344 | D:15     | Found a staircase to the Depths.
 29685 | D:15     | Reached XP level 17. HP: 155/155 MP: 8/24
 29713 | D:15     | Found a burning altar of Makhleb.
 29740 | D:15     | Found Tobipt's General Store.
 29865 | D:15     | Reached skill level 5 in Dodging
 30326 | D:7      | You fall into a shaft and drop 3 floors!
 31324 | Swamp:1  | Entered Level 1 of the Swamp
 31339 | Swamp:1  | Received a gift from Okawaru
 31560 | Swamp:1  | Noticed Josephine
 31748 | Swamp:1  | Killed Josephine
 33898 | Swamp:3  | Paralysed by a hornet for 3 turns
 34109 | Swamp:3  | Received a gift from Okawaru
 34342 | Swamp:3  | Reached skill level 16 in Fighting
 35453 | Swamp:4  | Entered Level 4 of the Swamp
 35766 | Swamp:4  | Received a gift from Okawaru
 35894 | Swamp:4  | Reached XP level 18. HP: 130/166 MP: 8/26
 37106 | Swamp:4  | Got a decaying rune of Zot
 37595 | Vaults:1 | Entered Level 1 of the Vaults
 37687 | D:13     | Received a gift from Okawaru
 37690 | D:13     | Identified a +2 pair of boots of running (Okawaru gifted it
                  | to you on level 13 of the Dungeon)
 38825 | Vaults:1 | Reached skill level 17 in Fighting
 38825 | Vaults:1 | Reached skill level 10 in Shields
 39151 | Vaults:1 | Reached XP level 19. HP: 79/177 MP: 9/28
 39413 | Vaults:1 | Received a gift from Okawaru
 40106 | Vaults:2 | Found a staircase to the Crypt.
 40106 | Vaults:2 | Found a basalt altar of Yredelemnul.
 40107 | Vaults:2 | Found an ancient bone altar of Kikubaaqudgha.
 40206 | Vaults:2 | Found Kukhluhe's Assorted Antiques.
 40207 | Vaults:2 | Found Buon's Food Shoppe.
 40562 | Vaults:2 | Found Tuomor's Food Shop.
 40857 | Vaults:2 | Found Luxzokaa's Weapon Emporium.
 40860 | Vaults:2 | Identified the cursed +1 chain mail "Kadoog" {+Blink rF+}
                  | (You found it on level 2 of the Vaults)
 41102 | Vaults:2 | Reached skill level 18 in Fighting
 41429 | Vaults:2 | Identified the +7 morningstar "Madetzo" {vorpal, rElec rN+
                  | Stlth+} (You found it on level 2 of the Vaults)
 41508 | Vaults:2 | Identified the +8 chain mail of the Ego {+Inv rPois rF-
                  | MR+} (You found it on level 2 of the Vaults)
 41688 | Vaults:3 | Received a gift from Okawaru
 42728 | Vaults:3 | You fall into a shaft and drop 1 floor!
 42793 | Vaults:4 | Reached XP level 20. HP: 65/189 MP: 10/30
 43015 | Vaults:4 | Noticed Saint Roka
 43056 | Vaults:4 | Killed Saint Roka
 43056 | Vaults:4 | Received a gift from Okawaru
 43059 | Vaults:4 | Reached skill level 15 in Armour
 43092 | Vaults:4 | Reached skill level 19 in Fighting
 44161 | Vaults:4 | Reached skill level 15 in Evocations
 44493 | Vaults:4 | Noticed Donald
 44505 | Vaults:4 | Killed Donald
 44843 | Vaults:3 | Noticed Margery
 44880 | Vaults:4 | Killed Margery
 44880 | Vaults:4 | Reached skill level 20 in Fighting
 45056 | Vaults:5 | Entered Level 5 of the Vaults
 45137 | Vaults:3 | Received a gift from Okawaru
 45198 | Vaults:3 | Received a gift from Okawaru
 45230 | Vaults:3 | Found Huedox's General Store.
 45265 | Vaults:3 | Bought a scroll of identify for 36 gold pieces
 45265 | Vaults:3 | Bought a scroll of identify for 36 gold pieces
 45751 | Vaults:3 | Reached skill level 21 in Fighting
 45751 | Vaults:3 | Reached XP level 21. HP: 144/204 MP: 10/32
 45773 | Vaults:3 | Identified the +3 scale mail "Fyuth" {rC- Regen+ Dex+7
                  | SInv} (You found it on level 3 of the Vaults)
 45781 | Vaults:3 | Identified the cursed +3 flail of the Ten Olives {venom,
                  | Int+3} (You found it on level 3 of the Vaults)
 46061 | Vaults:2 | Bought a runed emerald ring for 180 gold pieces
 46265 | Orc:2    | Bought an uncursed ring of protection from fire for 350
                  | gold pieces
 46303 | Elf:1    | Entered Level 1 of the Elven Halls
 46336 | Elf:1    | Received a gift from Okawaru
 46468 | Elf:1    | Identified Jeydghasch's Guide on the Escort
 46615 | Elf:1    | Found Sagg's Gadget Shop.
 46617 | Elf:1    | Found Hubumuca's Antique Armour Boutique.
 46619 | Elf:1    | Found Duut's Assorted Antiques.
 46639 | Elf:1    | Bought a box of beasts for 220 gold pieces
 46639 | Elf:1    | Bought a box of beasts for 220 gold pieces
 46782 | Elf:1    | Bought a potion of haste for 430 gold pieces
 46782 | Elf:1    | Bought a potion of haste for 430 gold pieces
 46782 | Elf:1    | Bought a scroll of teleportation for 129 gold pieces
 46987 | Elf:1    | Reached skill level 22 in Fighting
 47058 | Elf:1    | Found Xattue Poot's Food Boutique.
 47433 | Elf:2    | Noticed Agnes
 47465 | Elf:2    | Killed Agnes
 47620 | Elf:2    | Found Pinaofaem's Book Shoppe.
 47641 | Elf:2    | Noticed Nikola
 47667 | Elf:2    | Killed Nikola
 47667 | Elf:2    | Received a gift from Okawaru
 47722 | Elf:2    | Identified the +0 flail "Diomics" {drain, Int+2} (Okawaru
                  | gifted it to you on level 2 of the Elven Halls)
 48087 | Elf:2    | Found a huge runed translucent gate.
 48087 | Elf:2    | Found a huge runed translucent gate.
 48087 | Elf:2    | Found a huge runed translucent gate.
 48089 | Elf:2    | Found a huge runed translucent gate.
 48090 | Elf:2    | Found a huge runed translucent gate.
 48263 | Elf:2    | Reached skill level 23 in Fighting
 48752 | Elf:3    | Entered Level 3 of the Elven Halls
 48928 | Elf:3    | Found Qikaorel's Gadget Boutique.
 48928 | Elf:3    | Found Vuitawuf's Jewellery Shoppe.
 48929 | Elf:3    | Found Woar's Gadget Boutique.
 49053 | Elf:3    | Received a gift from Okawaru
 49548 | Elf:3    | Cast into level 2 of the Abyss (a deep elf sorcerer)
 49628 | Abyss:3  | Found a corrupted altar of Lugonu.
 49676 | Abyss:3  | Found a burning altar of Makhleb.
 49690 | Abyss:3  | Found a burning altar of Makhleb.
 49826 | Abyss:4  | Found a corrupted altar of Lugonu.
 49863 | Abyss:4  | Found a corrupted altar of Lugonu.
 49922 | Abyss:4  | Noticed a bone dragon
 49936 | Elf:3    | Escaped the Abyss
 49965 | Elf:3    | Reached skill level 24 in Fighting
 49965 | Elf:3    | Reached XP level 22. HP: 146/199 MP: 11/33
 50816 | Elf:3    | Received a gift from Okawaru
 50818 | Elf:3    | Cast into level 2 of the Abyss (a deep elf sorcerer)
 51318 | Elf:3    | Escaped the Abyss
 51493 | Elf:3    | Identified the +3 demon whip of the Lurker {pain, +Blink
                  | rF+ MR+++ Int-3} (Okawaru gifted it to you on level 3 of
                  | the Elven Halls)
 51528 | Elf:3    | Cast into level 2 of the Abyss (a deep elf demonologist)
 51671 | Abyss:2  | Found a corrupted altar of Lugonu.
 51744 | Elf:3    | Escaped the Abyss
 51857 | Elf:3    | Identified the cursed +2 hand axe "Aghij" {flame, rN+ MR-
                  | Dex+8}
 52340 | Elf:3    | Identified the +5 flail "Vyjienul" {elec, *Noise MR+++ MP+9
                  | Dex+3}
 52340 | Elf:3    | Identified the +1 leather armour "Jostott" {Harm MR+
                  | Stlth-}
 52572 | Elf:3    | Identified the cursed +1 whip of the Crushing Salmon
                  | {protect, rF++ Int-2} (You found it on level 3 of the Elven
                  | Halls)
 52590 | Elf:3    | Identified Wafyadwu's Disquisition on Ashen Transformation
 52952 | Spider:1 | Entered Level 1 of the Spider Nest
 54115 | Spider:2 | Noticed Kirke
 54128 | Spider:1 | Killed Kirke
 55316 | Spider:3 | Noticed Mara
 55319 | Spider:3 | Noticed inmateoo's illusion
 55460 | Spider:3 | Received a gift from Okawaru
 55792 | Spider:3 | Noticed inmateoo's illusion
 55805 | Spider:3 | Killed Mara
 56055 | Spider:4 | Entered Level 4 of the Spider Nest
 56150 | Spider:4 | Reached XP level 23. HP: 165/229 MP: 11/34
 56803 | Spider:4 | Noticed Louise
 56816 | Spider:4 | Killed Louise
 57034 | Spider:4 | Received a gift from Okawaru
 57431 | Spider:4 | Got a gossamer rune of Zot
 58538 | Vaults:4 | Reached skill level 10 in Dodging
 59305 | Depths:1 | Entered Level 1 of the Depths
 59551 | D:15     | Paralysed by a vampire knight for 2 turns
 60363 | Depths:1 | Reached XP level 24. HP: 211/238 MP: 35/35
 60530 | Depths:1 | Received a gift from Okawaru
 60718 | Depths:1 | Found Xenafuux's Jewellery Emporium.
 60742 | Depths:1 | Found a gateway to Hell.
 60819 | Depths:1 | Found a one-way gate to the infinite horrors of the Abyss.
 60891 | Depths:1 | Found a one-way gate leading to the halls of Pandemonium.
 60964 | Depths:1 | Noticed Asterion
 60978 | Depths:1 | Killed Asterion
 61225 | Depths:2 | Got a fine steel ring
 61229 | Depths:2 | Identified the ring "Ylirint" {+Inv rElec rF+ MR+ rCorr}
                  | (You found it on level 2 of the Depths)
 61330 | Depths:2 | Paralysed by a floating eye for 3 turns
 61450 | Depths:2 | Identified the ring of Nihilism {rPois Str-3 Int+6 Stlth+}
 61450 | Depths:2 | Noticed Sojobo
 61588 | Depths:1 | Killed Sojobo
 61588 | Depths:1 | Received a gift from Okawaru
 61740 | Depths:2 | Paralysed by a floating eye for 3 turns
 61873 | Depths:2 | Paralysed by a floating eye for 2 turns
 61891 | Depths:2 | Got a twitching amber ring
 61894 | Depths:2 | Identified the ring "Coarugia" {*Tele rElec} (You found it
                  | on level 2 of the Depths)
 62050 | Depths:2 | Identified the cursed +0 scale mail of Kleptomania {rPois
                  | rC+ MR+ Stlth+} (You found it on level 2 of the Depths)
 62211 | Depths:2 | Received a gift from Okawaru
 62372 | Depths:2 | Found Hethewney's General Store.
 62393 | Depths:2 | Bought a potion of curing for 54 gold pieces
 62587 | Depths:2 | Found Kezxuz's Distillery.
 62603 | Depths:2 | Bought a potion of might for 76 gold pieces
 62603 | Depths:2 | Bought a potion of might for 76 gold pieces
 62603 | Depths:2 | Bought a potion of curing for 57 gold pieces
 62603 | Depths:2 | Bought a potion of curing for 57 gold pieces
 62603 | Depths:2 | Bought a potion of curing for 57 gold pieces
 62603 | Depths:2 | Bought a potion of curing for 57 gold pieces
 62603 | Depths:2 | Bought a potion of curing for 57 gold pieces
 62786 | Depths:2 | Identified the cursed +1 flail of Truncation {holy, +Fly
                  | MR++} (You found it on level 2 of the Depths)
 63669 | D:11     | You paid a toll of +4 ice dragon scales to enter a treasure
                  | trove
 63670 | Trove    | Entered a treasure trove
 63702 | Trove    | Identified Sif Muna's Tome of Creative Attacks
 63705 | Trove    | Identified Sif Muna's Reference Book on Conjuration
 63722 | Trove    | Identified Hovawk's Disquisition on Hurtful Aid
 64581 | Depths:3 | Reached XP level 25. HP: 227/245 MP: 36/36
 64584 | Depths:3 | Reached skill level 10 in Invocations
 65561 | Depths:3 | Received a gift from Okawaru
 66784 | Depths:4 | Found a snail-covered altar of Cheibriados.
 67004 | Depths:4 | Reached skill level 15 in Invocations
 67451 | Depths:4 | Received a gift from Okawaru
 67454 | Depths:4 | Identified the +3 hat "Esimihir" {MR+ Regen+} (Okawaru
                  | gifted it to you on level 4 of the Depths)
 67588 | Depths:4 | Identified the ring "Cemuthot" {rElec rF+ MP+9 Dex+6}
 67618 | Depths:4 | Identified the +2 triple sword "Naloepp" {vorpal, +Inv
                  | Str-3 SInv}
 67618 | Depths:4 | Identified the +2 leather armour of Jorhocie {*Drain rElec
                  | Int+3}
 67830 | Depths:4 | Reached XP level 26. HP: 154/256 MP: 36/36
 68210 | Depths:5 | Entered Level 5 of the Depths
 68236 | Depths:5 | Noticed a juggernaut
 68263 | Depths:5 | Noticed a juggernaut
 68270 | Depths:5 | Killed a juggernaut
 68502 | Depths:5 | Killed a juggernaut
 68525 | Depths:5 | Reached skill level 25 in Fighting
 68543 | Depths:5 | Received a gift from Okawaru
 68774 | Depths:5 | Reached skill level 15 in Shields
 69266 | Depths:5 | Found a gate to the Realm of Zot.
 69377 | Depths:5 | Found a gateway to a ziggurat.
 70456 | Vaults:4 | Received a gift from Okawaru
 71205 | Vaults:5 | Identified the Compendium of Transformation and Dark
                  | Secrets
 71272 | Vaults:5 | Identified the +8 dagger of the Fox {venom, *Rage rPois rF-
                  | Str+10}
 71302 | Vaults:5 | Reached XP level 27. HP: 123/266 MP: 38/38
 71748 | Vaults:5 | Found Doirph's Distillery.
 71752 | Vaults:5 | Bought a potion of heal wounds for 95 gold pieces
 71752 | Vaults:5 | Bought a potion of heal wounds for 95 gold pieces
 71752 | Vaults:5 | Bought a potion of curing for 57 gold pieces
 71752 | Vaults:5 | Bought a potion of resistance for 190 gold pieces
 71752 | Vaults:5 | Bought a potion of curing for 57 gold pieces
 71902 | Vaults:5 | Found Nefuxed's Magic Scroll Emporium.
 71903 | Vaults:5 | Found the +27 Lear's hauberk
 71907 | Vaults:5 | Bought a scroll of enchant armour for 97 gold pieces
 71914 | Vaults:5 | Found Rutuegg's Food Shoppe.
 72020 | Vaults:5 | Received a gift from Okawaru
 72021 | Vaults:5 | Found the +2 cloak of the Thief {+Fog Slay-2 SInv Stlth+}
 72578 | Vaults:5 | Reached skill level 26 in Fighting
 72904 | Vaults:5 | Got a silver rune of Zot
 73134 | Vaults:5 | Bought a scroll of blinking for 97 gold pieces
 73134 | Vaults:5 | Bought a scroll of magic mapping for 45 gold pieces
 73134 | Vaults:5 | Bought a scroll of identify for 26 gold pieces
 73134 | Vaults:5 | Bought a scroll of teleportation for 39 gold pieces
 73423 | Zot:1    | Entered Level 1 of the Realm of Zot
 73588 | Zot:1    | Identified the +3 chain mail of Failure {*Corrode Int+3
                  | Dex+2} (You found it on level 1 of the Realm of Zot)
 74155 | Zot:1    | Noticed an orb of fire
 74638 | Zot:2    | Received a gift from Okawaru
 74648 | Zot:2    | Identified the +0 pair of boots of Fortification {rElec
                  | Int-3 Dex+5} (Okawaru gifted it to you on level 2 of the
                  | Realm of Zot)
 75270 | Zot:3    | Noticed an ancient lich
 75290 | Zot:2    | Killed an ancient lich
 75728 | Zot:3    | Identified a scroll of acquirement
 75837 | Zot:3    | Got the ring "Gifidaow" {Int-4 Dex+4 Slay+2 SInv}
 77030 | Zot:4    | Received a gift from Okawaru
 77459 | Zot:4    | Identified the +2 scale mail "Fustrysi" {rF+} (You found it
                  | on level 4 of the Realm of Zot)
 77493 | Zot:5    | Entered Level 5 of the Realm of Zot
 77658 | Zot:5    | Received a gift from Okawaru
 77911 | Zot:5    | Noticed an ancient lich
 77924 | Zot:5    | Killed an ancient lich
 78125 | Zot:5    | Noticed an ancient lich
 78140 | Zot:5    | Killed an ancient lich
 78140 | Zot:5    | Received a gift from Okawaru
 78310 | Zot:5    | Noticed an orb of fire
 78314 | Zot:5    | Gained mutation: Your body sometimes deteriorates upon
                  | taking damage. [an orb of fire]
 78314 | Zot:5    | Noticed an orb of fire
 78315 | Zot:5    | Noticed an orb of fire
 78318 | Zot:5    | Noticed an orb of fire
 78325 | Zot:5    | Gained mutation: You are weak. (Str -2) [an orb of fire]
 78329 | Zot:5    | Gained mutation: Your spells are a little easier to cast,
                  | but a little less powerful. [an orb of fire]
 78334 | Zot:5    | Noticed an ancient lich
 78335 | Zot:5    | Killed an orb of fire
 78343 | Zot:5    | Killed an orb of fire
 78355 | Zot:5    | Killed an orb of fire
 78370 | Zot:5    | Gained mutation: Your magical capacity is low. (-10% MP)
                  | [an orb of fire]
 78372 | Zot:5    | Gained mutation: You are clumsy. (Dex -2) [an orb of fire]
 78375 | Zot:5    | Killed an orb of fire
 78398 | Zot:5    | Killed an ancient lich
 78398 | Zot:5    | Received a gift from Okawaru
 78417 | Zot:5    | HP: 9/269 [Orb Guardian (9)]
 78417 | Zot:5    | Demolished by an Orb Guardian

Illustrated notes

Levels and vault maps discovered:
D:1:      dpeg_arrival_rhombus, layout_basic, minmay_misc_feat_cross,
          minivault_11, minmay_statues_item
D:2:      layout_loops_ring, first_ration, fedhas_altar_fruit_tree
D:3:      layout_loops_ring, chequers_serial_rivers_small_b, fountainhead
D:4:      layout_basic, minmay_misc_feat_tiny
D:5:      gammafunk_steamed_eel, layout_basic
D:6:      layout_rooms, gammafunk_temple_overflow_forgotten,
          minmay_temple_entry_trees, serial_shops, nicolae_shop_trees,
          kennysheep_opposing_triangles
D:7:      lemuel_ice_statue, layout_loops_corners, the_bakery, worms_lemuel
D:8:      layout_basic, kennysheep_little_box
D:9:      layout_loops_ring, gammafunk_ghost_split
D:10:     layout_loops_cross, serial_shops, shop, uniq_snorg
D:11:     layout_loops_ring, minmay_lair_entry_grove, david_orc_4,
          nicolae_trove_entry_crossroad, serial_shops, kennysheep_mini,
          kennysheep_another_room, uniq_gastronok
D:12:     layout_grid_maze, serial_shops, shop, shop, shop,
          nicolae_shop_crystal, gauntlet_entry_generic, minmay_lindwurm_lava
D:13:     layout_roguey, grunt_vaults_entry_tiered, doesnt_xom_only_xom
D:14:     layout_roguey [special_room_mythical_zoo], gammafunk_ghost_split,
          nrook_pool_corridor, portal_ice_cave_entry_ice_beasts,
          kennysheep_cross_bottleneck
D:15:     grunt_enter_depths_giant_problem, layout_basic, minmay_misc_feat_chi,
          serial_shops, shop_fountains, makhleb_altar_promises_db
Temple:   nicolae_temple_no_exploring_needed
Lair:1:   layout_cave_pods, grunt_megastairs_3, infiniplex_staircase_pool_2
Lair:2:   layout_layer_cave, minmay_swamp_entry_swarm, minmay_lair_oklob_chamber
Lair:3:   layout_roguey, grunt_megastairs_4
Lair:4:   layout_small_grid, spider_nest_entry_web_field,
          bobbens_ice_dragon_lair, uniq_sonja
Lair:5:   layout_regular_city, basic_altar, nicolae_volcano_entry_vermiform,
          minivault_29, uniq_urug
Lair:6:   wormcave, layout_small_grid, hangedman_lair_in_review,
          dpeg_slime_entry_enclosed_altar, infiniplex_staircase_pool
Swamp:1:  layout_falls_marsh, evilmike_swamp_ruin_house_1, swamp_pool3,
          uniq_josephine
Swamp:2:  layout_falls_marsh, evilmike_swamp_ruin_rubble_2
Swamp:3:  layout_basic_swamp, nicolae_swamp_dense_foliage
Swamp:4:  swamp_basic_johnstein, layout_basic_swamp
Spider:1: layout_spider_delve
Spider:2: layout_spider_delve, uniq_kirke
Spider:3: layout_spider_delve, nicolae_spider_webbed_stairs, uniq_mara
Spider:4: grunt_spider_rune_circles, nicolae_spider_circle_web, drop_trap,
          uniq_louise
Orc:1:    layout_caves, basic_altar, roderic_batcave
Orc:2:    st_orc_ogre_mass, layout_diamond_mine, basic_altar,
          nicolae_orc_rockfall
Elf:1:    eino_elf_arrival_customs, layout_loops_cross, serial_shops, shop,
          minmay_elf_demonology, minmay_shop_star
Elf:2:    layout_geoelf_octagon, serial_shops, shop, billiards_dpeg,
          uniq_nikola, uniq_agnes
Elf:3:    elf_hall, layout_gridlike, minmay_shop_grove
Vaults:1: v_misc_28, vaults_room_semicircle, ontoclasm_vaults_ring_small,
          hangedman_vaults_unwind, st_cells, vaults_room_grunt_arrival_ludios,
          hangedman_vaults_slice, v_alt_pattern_6,
          nicolae_vaults_little_squares_6, vaults_dpeg_encased_lava,
          vaults_dpeg_ring, layout_vaults_ring
Vaults:2: minmay_crypt_entry_necro_gods, v_rooms_6, nicolae_vaults_shelves_hall,
          vaults_room_stairs_pillars, nicolae_vaults_ring_of_whatevers,
          hangedman_vaults_trim, nicolae_vaults_circle_grid_a, vaults_room_pool,
          vaults_room_door_ring, vaults_dpeg_cross, nicolae_vaults_theta,
          ontoclasm_vaults_fire_temple, layout_vaults_omnibox, serial_shops,
          shop, shop, nicolae_shop_waterfront, shop
Vaults:3: nicolae_vaults_little_squares_6, v_misc_23,
          nicolae_vaults_lopsided_apartments, nicolae_vaults_ring_of_whatevers,
          vaults_room_mumra_shop_pool, nicolae_vaults_little_ls, v_misc_14,
          nicolae_vaults_rhombus_6, nicolae_vaults_network_square,
          nicolae_vaults_specimen_jars, v_misc_22, v_alt_pattern_6,
          nicolae_vaults_mini_display_case, layout_vaults_omnigrid, uniq_margery
Vaults:4: nicolae_vaults_little_squares_5, hangedman_vaults_maws,
          ontoclasm_vaults_ligature, nicolae_vaults_what_the_h,
          nicolae_vaults_alarming, hangedman_vaults_snaps,
          nicolae_vaults_network_quinsquares
          [nicolae_vaults_network_quincunx_subvault,
          nicolae_vaults_network_quincunx_subvault,
          nicolae_vaults_network_quincunx_subvault,
          nicolae_vaults_network_quincunx_subvault], v_pattern_4,
          vaults_room_hallway, v_misc_22, ontoclasm_vaults_misaligned,
          hangedman_vaults_stretched_pinwheel, ontoclasm_vaults_pinch,
          grunt_vaults_hallway_long, layout_vaults_omnicross, uniq_saint_roka,
          uniq_donald
Vaults:5
Depths:1: layout_basic, rand_demon_pan_entry_9, hell_entry, nicolae_wwwww,
          abyss_entry_small_statue_room, minmay_shop_enchanted_jewellery,
          chequers_serial_rivers_small_3, evilmike_ambush
          [evilmike_ambush_outer_basic, evilmike_ambush_inner_basic],
          uniq_asterion
Depths:2: hangedman_spin_cycle, hell_entry
Depths:3: minmay_spiral_squares, layout_basic, hell_entry,
          grunt_pan_entry_zigzag, chequers_big_river
Depths:4: minmay_nine_rooms, layout_cave_pools, abyss_entry, basic_altar,
          hell_entry, infiniplex_staircase_9_rooms
Depths:5: evilmike_zot_entry_diamond, layout_honeycomb, enter_ziggurat_d,
          minmay_door_square, minmay_room_of_horrors, hell_entry
Zot:1:    layout_concentric_octagons, grunt_ministairs_8, nrook_zot_tub
Zot:2:    layout_misc_corridors
Zot:3:    ebering_klown_carousel, layout_concentric_octagons
Zot:4:    layout_cellular_growth
Zot:5:    layout_misc_corridors

Skill      XL: |  1  2  3  4  5  6  7  8  9 10 11 12 13 14 15 16 17 18 19 20 21 22 23 24 25 26 27 |
---------------+----------------------------------------------------------------------------------+-----
Fighting       | 3 4 5 6 7 9 10 11 12 14 15 16 17 18 21 24 25 26 | 26.0
Maces & Flails | 2 6 9 11 15 16 17 19 21 22 23 24 | 24.0
Armour         | 1 4 5 6 9 10 11 13 14 15 16 18 | 18.0
Invocations    | 4 7 8 9 17 22 | 22.0
Dodging        | 1 3 4 6 8 9 10 | 10.0
Shields        | 4 5 6 8 10 13 16 22 | 22.0
Evocations     | 6 10 11 12 14 15 16 18 19 23 | 23.5
Short Blades   | |  2.0
Throwing       | |  1.7
Stealth        | |  3.2

Action                   |  1- 3 |  4- 6 |  7- 9 | 10-12 | 13-15 | 16-18 | 19-21 | 22-24 | 25-27 || total
-------------------------+-------+-------+-------+-------+-------+-------+-------+-------+-------++-------
Melee: Dagger            |    58 |       |       |       |       |       |       |       |       ||    58
       Mace              |    39 |   193 |    56 |       |       |       |       |       |       ||   288
       Morningstar       |       |       |   360 |   412 |       |       |       |       |       ||   772
       Unarmed           |       |       |     4 |     5 |       |       |       |       |       ||     9
       Punch             |       |       |     1 |     4 |       |       |       |       |       ||     5
       Demon whip        |       |       |       |   141 |  1545 |  1900 |  1950 |  1347 |       ||  6883
       Eveningstar       |       |       |       |       |       |       |    22 |   866 |  2397 ||  3285
Throw: Dart              |    14 |    13 |     5 |     6 |       |     2 |       |    14 |       ||    54
Invok: Heroism           |       |       |     3 |    11 |     4 |       |     2 |       |     6 ||    26
       Finesse           |       |       |       |     1 |       |       |     1 |       |     4 ||     6
 Abil: Evoke Flight      |       |       |       |       |       |     1 |       |       |       ||     1
Evoke: Wand              |       |       |     3 |    16 |     6 |     5 |     3 |     7 |     5 ||    45
       Tin of tremorston |       |       |       |       |     4 |     9 |    16 |     7 |    17 ||    53
       Box of beasts     |       |       |       |       |     2 |       |       |     1 |     3 ||     6
       Lightning rod     |       |       |       |       |       |     8 |     4 |       |     3 ||    15
       Phial of floods   |       |       |       |       |       |     1 |     1 |       |       ||     2
       Phantom mirror    |       |       |       |       |       |       |       |       |     1 ||     1
  Use: Scroll            |     3 |     5 |    16 |     5 |     8 |    14 |    14 |    25 |    15 ||   105
       Potion            |       |       |     1 |     4 |     2 |     2 |     1 |     1 |     6 ||    17
 Stab: Sleeping          |     4 |       |       |       |     3 |     5 |     5 |     3 |       ||    20
       Confused          |       |       |       |     2 |       |       |       |       |       ||     2
       Distracted        |       |       |       |       |     2 |     1 |     3 |     2 |     2 ||    10
       Petrified         |       |       |       |       |     3 |       |       |       |       ||     3
       Held in net/web   |       |       |       |       |       |       |       |     1 |       ||     1
  Eat: Chunk             |     1 |     7 |    13 |     9 |    21 |     6 |     4 |     3 |       ||    64
       Ration            |       |       |     1 |     4 |     5 |    10 |    10 |    13 |    16 ||    59
Armor: Robe              |    14 |       |       |       |       |       |       |       |       ||    14
       Ring mail         |    40 |    25 |       |       |       |       |       |       |       ||    65
       Scale mail        |       |    92 |    90 |       |       |   767 |   458 |   535 |       ||  1942
       Skin              |       |       |     2 |     2 |       |       |       |       |       ||     4
       Chain mail        |       |       |   180 |   307 |   641 |     4 |       |       |       ||  1132
       Plate armour      |       |       |       |       |       |       |       |   312 |       ||   312
       Gold dragon scale |       |       |       |       |       |       |       |    47 |  1179 ||  1226
Dodge: Dodged            |    79 |   114 |   212 |   172 |   378 |   686 |   544 |   997 |   749 ||  3931
Block: Kite shield       |       |       |       |    72 |   790 |  1133 |   986 |  1553 |  1776 ||  6310

Table legend:
 A = Non-vault XP
 B = Vault XP
 C = Vault XP percentage of total XP
 D = Non-vault monster count
 E = Vault monster count
 F = Vault count percentage of total count
                 A         B        C        D         E       F
            +---------+---------+-------+---------+---------+-------
      Total |  845589 |  855062 |  50.3 |    1664 |     927 |  35.8
            +---------+---------+-------+---------+---------+-------
        D:1 |      35 |       0 |   0.0 |      21 |       0 |   0.0
        D:2 |      78 |       0 |   0.0 |      21 |       0 |   0.0
        D:3 |      86 |       0 |   0.0 |      20 |       0 |   0.0
        D:4 |     566 |       0 |   0.0 |      25 |       0 |   0.0
        D:5 |     291 |     106 |  26.7 |      15 |       2 |  11.8
        D:6 |     831 |      48 |   5.5 |      17 |       2 |  10.5
        D:7 |    1127 |     982 |  46.6 |      22 |       4 |  15.4
        D:8 |    2045 |       0 |   0.0 |      35 |       0 |   0.0
        D:9 |    1419 |       0 |   0.0 |      18 |       0 |   0.0
       D:10 |    7209 |    1140 |  13.7 |      24 |       1 |   4.0
       D:11 |    8309 |    5020 |  37.7 |      35 |      30 |  46.2
       D:12 |    5966 |    1174 |  16.4 |      35 |       4 |  10.3
       D:13 |    8349 |   10511 |  55.7 |      16 |      26 |  61.9
       D:14 |    7848 |   10174 |  56.5 |      28 |      33 |  54.1
       D:15 |   23708 |   24338 |  50.7 |      53 |      19 |  26.4
     Lair:1 |    5661 |     172 |   2.9 |      25 |       1 |   3.8
     Lair:2 |    6281 |    3256 |  34.1 |      25 |      10 |  28.6
     Lair:3 |    5214 |     247 |   4.5 |      26 |       2 |   7.1
     Lair:4 |    3686 |    2843 |  43.5 |      13 |       6 |  31.6
     Lair:5 |   15540 |    9676 |  38.4 |      50 |      51 |  50.5
     Lair:6 |    3040 |   16132 |  84.1 |      12 |      34 |  73.9
    Swamp:1 |   11099 |    1897 |  14.6 |      27 |       5 |  15.6
    Swamp:2 |   13676 |       0 |   0.0 |      29 |       0 |   0.0
    Swamp:3 |   24236 |    1962 |   7.5 |      50 |       2 |   3.8
    Swamp:4 |    9158 |   20782 |  69.4 |      32 |      30 |  48.4
   Spider:1 |   15796 |    2130 |  11.9 |      46 |       1 |   2.1
   Spider:2 |   14789 |       0 |   0.0 |      51 |       0 |   0.0
   Spider:3 |   11934 |    8178 |  40.7 |      31 |       1 |   3.1
   Spider:4 |   20294 |   27715 |  57.7 |      61 |      44 |  41.9
      Orc:1 |    4539 |     122 |   2.6 |      40 |       9 |  18.4
      Orc:2 |    2616 |   21880 |  89.3 |      37 |      43 |  53.8
      Elf:1 |   23966 |    8415 |  26.0 |      36 |      13 |  26.5
      Elf:2 |   11108 |   31745 |  74.1 |      19 |      33 |  63.5
      Elf:3 |   15257 |   36371 |  70.4 |      26 |      25 |  49.0
   Vaults:1 |   27655 |   16045 |  36.7 |      44 |      25 |  36.2
   Vaults:2 |   24330 |   15975 |  39.6 |      47 |      24 |  33.8
   Vaults:3 |   34133 |   26265 |  43.5 |      63 |      29 |  31.5
   Vaults:4 |   49157 |   69607 |  58.6 |      73 |      88 |  54.7
   Vaults:5 |   33587 |  112946 |  77.1 |      42 |      73 |  63.5
   Depths:1 |   24170 |   15152 |  38.5 |      33 |      13 |  28.3
   Depths:2 |     229 |   78377 |  99.7 |       1 |      79 |  98.8
   Depths:3 |   39108 |   56923 |  59.3 |      52 |      49 |  48.5
   Depths:4 |   58942 |   32771 |  35.7 |      68 |      19 |  21.8
   Depths:5 |   61616 |   25221 |  29.0 |      58 |      27 |  31.8
      Zot:1 |    7227 |    4897 |  40.4 |       4 |       4 |  50.0
      Zot:2 |   67791 |   12865 |  16.0 |      42 |       3 |   6.7
      Zot:3 |   12506 |    3028 |  19.5 |       7 |       2 |  22.2
      Zot:4 |   51903 |       0 |   0.0 |      31 |       0 |   0.0
      Zot:5 |   39700 |  129359 |  76.5 |      21 |      31 |  59.6
    Abyss:2 |     932 |       0 |   0.0 |       5 |       0 |   0.0
    Abyss:3 |   25999 |     363 |   1.4 |      47 |       2 |   4.1
    Abyss:4 |     847 |       0 |   0.0 |       5 |       0 |   0.0
      IceCv |       0 |    2708 | 100.0 |       0 |      10 | 100.0
    Volcano |       0 |    3510 | 100.0 |       0 |      13 | 100.0
   Gauntlet |       0 |    2034 | 100.0 |       0 |       5 | 100.0
            +---------+---------+-------+---------+---------+-------
